 Dungeon Crawl Stone Soup version 0.30.0-29-ga12c61a403 (webtiles) character file.

Game seed: 1386662394999346365

102859 qw the Severer (level 16, 0/90 HPs)
             Began as a Gargoyle Fighter on June 2, 2023.
             Was an Elder of Okawaru.
             Killed from afar by an ice dragon (21 damage)
             ... with a blast of cold
             ... on level 15 of the Dungeon.
             The game lasted 00:11:46 (20018 turns).

qw the Severer (Gargoyle Fighter)                  Turns: 20018, Time: 00:11:46

Health: 0/90       AC: 46    Str: 27 (28) XL:     16   Next: 34%
Magic:  23/23      EV: 18    Int: 11 (12) God:    Okawaru [****..]
Gold:   1628       SH: 13    Dex:  9      Spells: 15/15 levels left

rFire   . . .        g - +6 war axe (spect)
rCold   . . .        v - +0 kite shield
rNeg    + + +        c - +1 crystal plate armour
rPois   inf          B - +0 helmet
rElec   +            u - scarf of Inaction {repulsion, rN+ Will- Regen+}
rCorr   .            x - +1 pair of gloves
SInv    .            E - +0 pair of boots of the Villain {Str+3}
Will    .....        (no amulet) Stlth
                     i - ring "Najiqal" {rN+ EV+5}
HPRegen 1.15/turn    m - +5 ring of evasion
MPRegen 0.18/turn

%: repel missiles
@: about to teleport, heroic, flying
A: sickness immunity, AC +12, big wings, negative energy resistance 1,
electricity resistance, torment resistance 1, petrification resistance,
deterioration 1, frail 1
a: Renounce Religion, Heroism, Finesse


You were on level 15 of the Dungeon.
You worshipped Okawaru.
Okawaru was greatly pleased with you.
You visited 3 branches of the dungeon, and saw 21 of its levels.
You also visited: Gauntlet.

You collected 1897 gold pieces.
You spent 269 gold pieces at shops.


Innate Abilities, Weirdness & Mutations

You are immune to sickness and miasma.
Your stone body is resilient. (AC +12)
You are immune to poison.
Your large and strong wings let you fly.
You resist negative energy. (rN+)
You are resistant to electric shocks. (rElec)
You are resistant to unholy torment.
You are immune to petrification.
Your body sometimes deteriorates upon taking damage.
You are frail. (-10% HP)


   Skills:
 - Level 12.0(17.0) Fighting
 - Level 16.0(21.0) Axes
 - Level 6.0(11.0) Throwing
 + Level 14.6(19.6) Armour
 - Level 3.0(8.0) Dodging
 - Level 13.0(18.0) Shields
 - Level 10.0 Invocations


You had 15 spell levels left.
You didn't know any spells.
Your spell library was empty.

Inventory:

Hand Weapons
 g - a +6 spectral war axe (weapon)
 o - the +1 hand axe "Gysaras" {antimagic, Fragile +Blink rCorr}
   (You found it on level 9 of the Dungeon)

   +Blink:    It lets you blink.
   rCorr:     It protects you from acid and corrosion.
   Fragile:   It will be destroyed if unequipped.
 r - a +3 morningstar of freezing
Missiles
 w - 2 boomerangs (quivered)
 A - 3 javelins
 F - 3 silver javelins
Armour
 a - a scarf of resistance
 c - a +1 crystal plate armour (worn)
 j - the -2 cloak of the Gardener {rC- Str+6 Dex+8 Stlth+}
   (You found it on level 8 of the Dungeon)

   Str:       It affects your strength (+6).
   Dex:       It affects your dexterity (+8).
   rC:        It makes you vulnerable to cold.
   Stlth:     It makes you more stealthy.
 n - the +5 tower shield "Oturgher" {*Slow rElec Will++ Stlth+}
   (Okawaru gifted it to you on level 15 of the Dungeon)

   rElec:     It insulates you from electricity.
   *Slow:     It may slow you when you take damage.
   Will:      It greatly increases your willpower.
   Stlth:     It makes you more stealthy.
 u - the scarf of Inaction (worn) {repulsion, rN+ Will- Regen+}
   (Okawaru gifted it to you on level 5 of the Lair of Beasts)

   rN:        It protects you from negative energy.
   Regen:     It increases your rate of health regeneration.
   Will:      It decreases your willpower.
 v - a +0 kite shield (worn)
 x - a +1 pair of gloves (worn)
 B - a +0 helmet (worn)
 E - the +0 pair of boots of the Villain (worn) {Str+3}
   (Okawaru gifted it to you on level 12 of the Dungeon)

   Str:       It affects your strength (+3).
 G - a +2 hat
Jewellery
 i - the ring "Najiqal" (left hand) {rN+ EV+5}
   (You acquired it on level 4 of the Dungeon)

   [ring of evasion]

   EV:        It affects your evasion (+5).
   rN:        It protects you from negative energy.
 k - a ring of ice
 m - a +5 ring of evasion (right hand)
 t - the amulet of the Dolphin {Spirit rF+ rC++ Will- Int+2}
   (You found it on level 15 of the Dungeon)

   [amulet of guardian spirit]

   It causes incoming damage to be divided between your reserves of health and
   magic.
   Int:       It affects your intelligence (+2).
   rF:        It protects you from fire.
   rC:        It greatly protects you from cold.
   Will:      It decreases your willpower.
Wands
 D - a wand of digging (2)
Scrolls
 h - 15 scrolls of identify
 s - 14 scrolls of teleportation
 y - 2 scrolls of brand weapon
Potions
 b - 4 potions of lignification
 d - 10 potions of might
 e - 4 potions of heal wounds
 f - 2 potions of attraction
 l - 8 potions of curing
 p - a potion of resistance
 q - 4 potions of haste
 z - a potion of cancellation
 C - 2 potions of magic

Dungeon Overview and Level Annotations

Branches:
Dungeon (15/15)            Temple (1/1) D:7            Lair (5/5) D:11
 Shoals (0/4) Lair:2        Snake (0/4) Lair:2        Slime (0/5) Lair:4
    Orc (0/2) D:10         Vaults (0/5) D:14        Gauntlet (visited)
 Depths: D:15

Altars:
Ashenzari
Cheibriados
Dithmenos
Elyvilon
Fedhas
Gozag
Hepliaklqana
Kikubaaqudgha
Makhleb
Nemelex Xobeh
Okawaru
Qazlal
Ru
Sif Muna
Trog
Uskayaw
Vehumet
Wu Jian
Xom
Yredelemnul
Zin
The Shining One

Shops:
D:1 =   D:5 **?   D:9 *

Annotations:
D:6 3 runed translucent doors, qw's ghost, novice GrFi
D:13 1 runed translucent door
Lair:5 2 runed translucent doors, qw's ghost, journeyman GrFi


Message History

The ice dragon claws you but does no damage.
You block the ice dragon's attack.
You barely miss the ice dragon.
The ice dragon is moderately wounded.
You hit the ice dragon.
The ice dragon is moderately wounded.
The ice dragon bites you!
Your body deteriorates!
You feel weakened. You block the ice dragon's attack.
The ice dragon tramples you but does no damage.
You barely miss the ice dragon.
The ice dragon is moderately wounded.
The ice dragon bites you. The ice dragon barely misses you.
The ice dragon tramples you but does no damage.
You hit the ice dragon.
The ice dragon is moderately wounded.
The ice dragon breathes frost at you. The blast of cold hits you!!
Your body deteriorates!
You feel dopey.
You slash the ice dragon!
The ice dragon is heavily wounded.
You closely miss the ice dragon.
The ice dragon is heavily wounded.
The ice dragon closely misses you. The ice dragon claws you.
The ice dragon tramples you.
You are shoved backwards!
You slice the ice dragon!!
The ice dragon is severely wounded.
Your +6 spectral war axe hits the ice dragon!
The ice dragon bites your +6 spectral war axe!
Your spectral weapon shares its damage with you!
The ice dragon claws your +6 spectral war axe!
Your spectral weapon shares its damage with you!
The ice dragon barely misses your +6 spectral war axe.
20018 ||| READING 15 scrolls of teleportation.
As you read the scroll of teleportation, it crumbles to dust.
You feel strangely unstable.
Your +6 spectral war axe disappears.
The ice dragon breathes frost at you. The blast of cold hits you!!
You die...

#############..###...###.......#
....................))##.......#
####......##...................#
.# #.........#######...).......#
.###.........# ##..###.......#
...#......##.# ##...# #.......#
##.#?......).# ##....###.......#
.#.#......#### #..8.....##.#####
...#......# #@....##.....##
..))).....# #D##..#.......##
#.)).###### #.###..........#
#....# ### ... #..........#
#....#######.#..#..#..#.......#
###..........#$. .$#.........##
# #.#.#.####.#$. .$#..##.....##
###.#.#.####.#$. .$#.##.......#
....#........#$. .$#.##.......#


You could see an ice dragon (catching breath).

Vanquished Creatures
  A war gargoyle (D:14)
  A minotaur (Gauntlet)
  A dire elephant (Lair:5)
  A green death (Gauntlet)
  An ice dragon (D:15)
  3 ogre magi
  11 two-headed ogres
  4 catoblepae
  9 centaur warriors
  7 hydras
  3 boulder beetles
  9 death yaks
  3 tengu warriors (D:14)
  2 death scarabs (Gauntlet)
  2 hell knights (D:13)
  2 skysharks
  4 skeletal warriors (D:15)
  A spectral hydra (Gauntlet)
  A lindwurm (Lair:5)
  A wolf spider (Lair:5)
  7 ugly things
  3 deep elf pyromancers
  2 necromancers
  An oklob plant (Lair:1)
  4 manticores
  3 cyclopes
  12 elephants (Lair:5)
  13 black mambas
  A salamander (Lair:2)
  A guardian serpent (Lair:5)
  2 orange demons (Gauntlet)
  A rust devil (D:13)
  16 cane toads
  9 gargoyles
  2 torpor snails
  4 rime drakes
  3 kobold demonologists
  4 yaktaurs (D:14)
  7 komodo dragons
  An efreet (D:15)
  6 meliai
  3 polar bears
  4 hornets
  A wind drake (Lair:2)
  A troll (D:13)
  12 blink frogs
  16 dream sheep
  4 slime creatures (D:14)
  2 spriggans (shapeshifter)
  13 wyverns
  46 yaks
  4 wraiths
  3 flying skulls (Gauntlet)
  Eustachio (D:5)
  3 water elementals (D:13)
  2 humans (D:8)
  3 basilisks
  A spectral komodo dragon (Gauntlet)
  2 redbacks (Lair:5)
  A neqoxec (Gauntlet)
  3 steam dragons
  3 chaos spawn (Gauntlet)
  A warg (Lair:3)
  3 vampire mosquitoes (D:13)
  6 hell hounds (D:13)
  23 water moccasins
  An orc warrior (D:12)
  A spectral torpor snail (Gauntlet)
  An ice beast (D:7)
  A sky beast (D:8)
  11 ogres
  A boggart (D:14)
  A black bear (Lair:2)
  24 wolves
  7 centaurs
  3 phantoms
  7 bullfrogs
  8 kobold brigands
  A scorpion (D:5)
  21 wights
  A water moccasin zombie (D:5)
  22 killer bees
  9 electric eels
  4 howler monkeys
  4 lava snakes (Lair:2)
  A bullfrog zombie (D:5)
  2 hounds
  A jelly (D:7)
  6 orc priests
  3 iguanas
  Terence (D:2)
  A sleepcap (D:6)
  10 orc wizards
  2 hell rats (D:11)
  7 gnolls
  7 adders
  A river rat (D:11)
  2 shadow imps (D:8)
  3 white imps
  An ufetubus (D:4)
  3 worms
  A dart slug (D:4)
  34 orcs
  4 bats
  7 endoplasms
  4 giant cockroaches
  11 goblins
  3 hobgoblins
  3 quokkas
  5 ball pythons
  A frilled lizard (D:2)
  25 kobolds
  12 rats
619 creatures vanquished.

Vanquished Creatures (others)
  A black mamba (Lair:5)
  6 spectral weapons
7 creatures vanquished.

Grand Total: 626 creatures vanquished

Notes
Turn   | Place    | Note
-------+----------+-------------------------------------------
     0 | D:1      | qw the Gargoyle Fighter began the quest for the Orb.
     0 | D:1      | Reached XP level 1. HP: 14/14 MP: 1/1
     0 | D:1      | 0 ||| qw: Version: 0.2-a-102-gdf20003
     0 | D:1      | 0 ||| qw: Game counter: 925
     0 | D:1      | 0 ||| qw: Always use a shield: true
     0 | D:1      | 0 ||| qw: God list: Okawaru
     0 | D:1      | 0 ||| qw: Allow faded altars: false
     0 | D:1      | 0 ||| qw: Do Orc after D:15 true
     0 | D:1      | 0 ||| qw: Do second Lair branch before Depths: true
     0 | D:1      | 0 ||| qw: Lair rune preference: random
     0 | D:1      | 0 ||| qw: Plans: Normal, Zot:1-4, Slime:5, God:TSO, Crypt,
                  | Tomb, Pan, Hells, Abyss, Win
     0 | D:1      | 0 ||| PLANNING D:1-11
    82 | D:1      | Reached skill level 2 in Axes
   151 | D:1      | HP: 3/14 [rat (3)]
   153 | D:1      | Reached XP level 2. HP: 5/19 MP: 2/2
   156 | D:1      | 156 ||| FLEEEEING.
   157 | D:1      | 157 ||| FLEEEEING.
   158 | D:1      | 158 ||| FLEEEEING.
   159 | D:1      | 159 ||| FLEEEEING.
   160 | D:1      | 160 ||| FLEEEEING.
   161 | D:1      | 161 ||| FLEEEEING.
   162 | D:1      | 162 ||| FLEEEEING.
   163 | D:1      | 163 ||| FLEEEEING.
   169 | D:1      | 169 ||| FLEEEEING.
   170 | D:1      | 170 ||| FLEEEEING.
   171 | D:1      | 171 ||| FLEEEEING.
   172 | D:1      | 172 ||| FLEEEEING.
   173 | D:1      | 173 ||| FLEEEEING.
   174 | D:1      | 174 ||| FLEEEEING.
   175 | D:1      | 175 ||| FLEEEEING.
   176 | D:1      | 176 ||| FLEEEEING.
   177 | D:1      | 177 ||| FLEEEEING.
   178 | D:1      | 178 ||| FLEEEEING.
   179 | D:1      | 179 ||| FLEEEEING.
   180 | D:1      | 180 ||| FLEEEEING.
   267 | D:1      | 267 ||| Stepping ~*~*~tactically~*~*~ (hiding).
   296 | D:1      | Found Imorphoq's Jewellery Emporium.
   299 | D:1      | 299 ||| SHOPLISTING ring of Ru's Condemnation {Wiz Str+5
                  | Dex+4 Slay-4} (547 gold, have 10).
   299 | D:1      | 299 ||| SHOPLISTING ring of Vaonnoph {Fire Drain rElec
                  | Int+4 Dex+3} (673 gold, have 10).
   299 | D:1      | 299 ||| SHOPLISTING ring of protection from cold (350 gold,
                  | have 10).
   340 | D:1      | 340 ||| Stepping ~*~*~tactically~*~*~ (stealth).
   355 | D:1      | 355 ||| Stepping ~*~*~tactically~*~*~ (stealth).
   526 | D:1      | Reached skill level 3 in Axes
   560 | D:1      | You fall into a shaft and drop 1 floor!
   569 | D:2      | Reached XP level 3. HP: 23/23 MP: 3/3
   578 | D:2      | 578 ||| Stepping ~*~*~tactically~*~*~ (hiding).
   715 | D:2      | Noticed Terence
   725 | D:2      | HP: 1/23 [Terence/+0 mace (9)]
   727 | D:2      | Killed Terence
   820 | D:2      | 820 ||| DROPPING +0 club.
   822 | D:2      | 822 ||| UPGRADING to +0 chain mail of fire resistance.
   832 | D:2      | 832 ||| DROPPING +0 scale mail.
   833 | D:2      | 833 ||| UPGRADING to ring of see invisible.
   834 | D:2      | 834 ||| READING scroll labelled JULYGY EJISUE.
   835 | D:2      | 835 ||| FLEEEEING.
   836 | D:2      | 836 ||| FLEEEEING.
   837 | D:2      | 837 ||| FLEEEEING.
   838 | D:2      | 838 ||| FLEEEEING.
   839 | D:2      | 839 ||| FLEEEEING.
   840 | D:2      | 840 ||| STAIRDANCE
   887 | D:1      | 887 ||| READING scroll labelled ALLOULA HUUF.
   893 | D:1      | Reached XP level 4. HP: 28/28 MP: 4/4
   893 | D:1      | 893 ||| READING 4 scrolls labelled IWNUOT RULODE.
   894 | D:1      | 894 ||| READING scroll labelled ILAESSU WAOCA.
   895 | D:1      | 895 ||| READING 3 scrolls labelled COKHLY WAUROGH.
   896 | D:1      | 896 ||| READING 2 scrolls of enchant weapon.
   896 | D:1      | 896 ||| ENCHANTING +1 war axe.
   897 | D:1      | 897 ||| READING scroll of enchant weapon.
   897 | D:1      | 897 ||| ENCHANTING +2 war axe.
   898 | D:1      | 898 ||| READING scroll labelled JISTRY NESSYCASH.
   899 | D:1      | 899 ||| DRINKING 2 inky potions.
   900 | D:1      | 900 ||| READING 3 scrolls of identify.
   900 | D:1      | 900 ||| IDENTIFYING lumpy pink potion
   975 | D:2      | 975 ||| Stepping ~*~*~tactically~*~*~ (stealth).
  1072 | D:2      | Reached skill level 4 in Axes
  1360 | D:2      | 1360 ||| READING scroll labelled NITUTACZAIS.
  1361 | D:2      | 1361 ||| READING scroll labelled COISYV XYTOCH.
  1362 | D:2      | 1362 ||| READING scroll labelled GISO RORRECOEG.
  1382 | D:2      | 1382 ||| READING 2 scrolls of identify.
  1382 | D:2      | 1382 ||| IDENTIFYING bubbling puce potion
  1594 | D:3      | 1594 ||| Stepping ~*~*~tactically~*~*~ (stealth).
  1616 | D:3      | 1616 ||| Stepping ~*~*~tactically~*~*~ (stealth).
  1683 | D:3      | Reached XP level 5. HP: 32/32 MP: 5/5
  1959 | D:3      | 1959 ||| DROPPING ring of magical power.
  1960 | D:3      | 1960 ||| UPGRADING to +6 ring of dexterity.
  1961 | D:3      | 1961 ||| READING scroll labelled GAKHLU CAODITEKK.
  1962 | D:3      | 1962 ||| READING 2 scrolls of identify.
  1962 | D:3      | 1962 ||| IDENTIFYING fizzy white potion
  1963 | D:3      | 1963 ||| DROPPING potion of brilliance.
  1979 | D:4      | 1979 ||| DRINKING 2 potions of curing.
  1979 | D:4      | 1979 ||| (to cure confusion)
  1985 | D:4      | Reached skill level 1 in Dodging
  1986 | D:4      | Reached skill level 5 in Axes
  1996 | D:4      | Reached XP level 6. HP: 37/37 MP: 6/6
  2011 | D:4      | 2011 ||| DROPPING +0 mace.
  2013 | D:4      | Found a blossoming altar of Fedhas.
  2107 | D:4      | 2107 ||| Stepping ~*~*~tactically~*~*~ (stealth).
  2117 | D:4      | Reached XP level 7. HP: 38/43 MP: 7/7
  2358 | D:4      | 2358 ||| DROPPING orb of guile.
  2359 | D:4      | 2359 ||| READING scroll labelled JAAREPLA XOENE.
  2359 | D:4      | Identified a scroll of acquirement
  2359 | D:4      | 2359 ||| ACQUIRING ring "Najiqal" {rN+ EV+5}
  2359 | D:4      | Acquired the ring "Najiqal" {rN+ EV+5}
  2361 | D:4      | 2361 ||| UPGRADING to ring "Najiqal" {rN+ EV+5}.
  2363 | D:4      | 2363 ||| UPGRADING to ring of see invisible.
  2382 | D:5      | Entered Level 5 of the Dungeon
  2437 | D:5      | Reached skill level 6 in Axes
  2449 | D:5      | Found a basalt altar of Yredelemnul.
  2477 | D:5      | Found Pevvudgha's Magic Scroll Shoppe.
  2480 | D:5      | 2480 ||| BUYING scroll of identify (22 gold).
  2480 | D:5      | Bought a scroll of identify for 22 gold pieces
  2480 | D:5      | 2480 ||| BUYING scroll of identify (22 gold).
  2480 | D:5      | Bought a scroll of identify for 22 gold pieces
  2480 | D:5      | 2480 ||| BUYING scroll of identify (22 gold).
  2480 | D:5      | Bought a scroll of identify for 22 gold pieces
  2480 | D:5      | 2480 ||| BUYING scroll of teleportation (33 gold).
  2480 | D:5      | Bought a scroll of teleportation for 33 gold pieces
  2515 | D:5      | Noticed Eustachio
  2529 | D:5      | 2529 ||| FLEEEEING.
  2530 | D:5      | 2530 ||| FLEEEEING.
  2531 | D:5      | 2531 ||| FLEEEEING.
  2532 | D:5      | 2532 ||| FLEEEEING.
  2533 | D:5      | 2533 ||| FLEEEEING.
  2534 | D:5      | 2534 ||| FLEEEEING.
  2535 | D:5      | 2535 ||| FLEEEEING.
  2547 | D:5      | Killed Eustachio
  2548 | D:5      | Reached skill level 7 in Axes
  2668 | D:5      | 2668 ||| Stepping ~*~*~tactically~*~*~ (stealth).
  2679 | D:5      | 2679 ||| Stepping ~*~*~tactically~*~*~ (hiding).
  2865 | D:5      | Found Xodasyint's General Store.
  2866 | D:5      | Found Isotav's Specific Store.
  2870 | D:5      | 2870 ||| BUYING potion of haste (120 gold).
  2870 | D:5      | Bought a potion of haste for 120 gold pieces
  2870 | D:5      | 2870 ||| SHOPLISTING potion of lignification (36 gold, have
                  | 26).
  2870 | D:5      | 2870 ||| BUYING scroll of identify (24 gold).
  2870 | D:5      | Bought a scroll of identify for 24 gold pieces
  3037 | D:5      | Noticed a wraith
  3047 | D:5      | Killed a wraith
  3048 | D:5      | Reached XP level 8. HP: 51/51 MP: 8/8
  3055 | D:5      | 3055 ||| FLEEEEING.
  3057 | D:5      | 3057 ||| READING scroll labelled ZEMUUX QUMYNN.
  3061 | D:5      | HP: 11/51 [electric eel/bolt of electricity (4)]
  3062 | D:5      | 3062 ||| READING scroll of teleportation.
  3302 | D:5      | 3302 ||| READING 6 scrolls of identify.
  3302 | D:5      | 3302 ||| IDENTIFYING sapphire potion
  3303 | D:5      | 3303 ||| READING 5 scrolls of identify.
  3303 | D:5      | 3303 ||| IDENTIFYING pink potion
  3304 | D:5      | 3304 ||| READING 4 scrolls of identify.
  3304 | D:5      | 3304 ||| IDENTIFYING golden potion
  3305 | D:5      | 3305 ||| DROPPING potion of invisibility.
  3365 | D:6      | 3365 ||| STAIRDANCE
  3579 | D:5      | 3579 ||| FLEEEEING.
  3580 | D:5      | 3580 ||| FLEEEEING.
  3581 | D:5      | 3581 ||| FLEEEEING.
  3582 | D:5      | 3582 ||| FLEEEEING.
  3583 | D:5      | 3583 ||| FLEEEEING.
  3584 | D:5      | 3584 ||| FLEEEEING.
  3697 | D:5      | 3697 ||| FLEEEEING.
  3698 | D:5      | 3698 ||| FLEEEEING.
  3699 | D:5      | 3699 ||| FLEEEEING.
  3700 | D:5      | 3700 ||| FLEEEEING.
  3701 | D:5      | 3701 ||| FLEEEEING.
  3759 | D:5      | Reached skill level 8 in Axes
  3803 | D:5      | 3803 ||| Stepping ~*~*~tactically~*~*~ (stealth).
  3812 | D:5      | Reached skill level 6 in Fighting
  3812 | D:5      | 3812 ||| FLEEEEING.
  3813 | D:5      | 3813 ||| FLEEEEING.
  3814 | D:5      | 3814 ||| FLEEEEING.
  3815 | D:5      | 3815 ||| FLEEEEING.
  3816 | D:5      | 3816 ||| FLEEEEING.
  3910 | D:5      | 3910 ||| UPGRADING to +5 ring of evasion.
  3912 | D:5      | 3912 ||| DROPPING +6 ring of dexterity.
  3913 | D:5      | 3913 ||| DROPPING ring of see invisible.
  3991 | D:6      | 3991 ||| Stepping ~*~*~tactically~*~*~ (hiding).
  4216 | D:6      | Noticed a cyclops
  4224 | D:6      | Killed a cyclops
  4225 | D:6      | Reached skill level 9 in Axes
  4225 | D:6      | Reached XP level 9. HP: 15/55 MP: 9/9
  4386 | D:6      | Found a runed translucent gate.
  4386 | D:6      | Found a runed translucent gate.
  4389 | D:6      | Found a runed translucent gate.
  4679 | D:6      | Noticed a spectral unseen horror
  4681 | D:6      | Noticed qw's ghost (novice GrFi)
  4683 | D:6      | 4683 ||| READING scroll labelled VUWILE LUTAI.
  4684 | D:6      | 4684 ||| READING 4 scrolls of identify.
  4684 | D:6      | 4684 ||| IDENTIFYING puce potion
  4685 | D:6      | 4685 ||| DROPPING potion of ambrosia.
  4738 | D:7      | 4738 ||| Stepping ~*~*~tactically~*~*~ (stealth).
  4744 | D:7      | 4744 ||| DRINKING 4 potions of curing.
  4744 | D:7      | 4744 ||| (to cure confusion)
  4826 | D:7      | Found a staircase to the Ecumenical Temple.
  4827 | D:7      | 4827 ||| PLANNING TEMPLE
  4827 | D:7      | 4827 ||| READING 3 scrolls of identify.
  4827 | D:7      | 4827 ||| IDENTIFYING bubbling brown potion
  4828 | D:7      | 4828 ||| DROPPING potion of berserk rage.
  4837 | Temple   | Entered the Ecumenical Temple
  5082 | Temple   | 5082 ||| PLANNING D:1-11
  5262 | D:7      | Found a shimmering altar of Xom.
  5497 | D:7      | 5497 ||| Stepping ~*~*~tactically~*~*~ (stealth).
  5500 | D:7      | 5500 ||| Stepping ~*~*~tactically~*~*~ (stealth).
  6028 | D:7      | Reached skill level 10 in Axes
  6047 | D:8      | 6047 ||| Stepping ~*~*~tactically~*~*~ (hiding).
  6083 | D:8      | 6083 ||| Stepping ~*~*~tactically~*~*~ (stealth).
  6084 | D:8      | 6084 ||| Stepping ~*~*~tactically~*~*~ (stealth).
  6085 | D:8      | 6085 ||| Stepping ~*~*~tactically~*~*~ (stealth).
  6115 | D:8      | Identified the -2 cloak of the Gardener {rC- Str+6 Dex+8
                  | Stlth+}
  6151 | D:8      | 6151 ||| Stepping ~*~*~tactically~*~*~ (hiding).
  6238 | D:8      | Reached XP level 10. HP: 58/64 MP: 10/10
  6277 | D:8      | 6277 ||| Stepping ~*~*~tactically~*~*~ (stealth).
  6326 | D:8      | Noticed a two-headed ogre
  6337 | D:8      | Killed a two-headed ogre
  6453 | D:8      | 6453 ||| Stepping ~*~*~tactically~*~*~ (stealth).
  6480 | D:8      | Reached skill level 11 in Axes
  6511 | D:8      | 6511 ||| Stepping ~*~*~tactically~*~*~ (hiding).
  6667 | D:8      | 6667 ||| Stepping ~*~*~tactically~*~*~ (hiding).
  6670 | D:8      | 6670 ||| Stepping ~*~*~tactically~*~*~ (hiding).
  6671 | D:8      | 6671 ||| Stepping ~*~*~tactically~*~*~ (hiding).
  6771 | D:8      | 6771 ||| Stepping ~*~*~tactically~*~*~ (stealth).
  6773 | D:8      | 6773 ||| Stepping ~*~*~tactically~*~*~ (hiding).
  7019 | D:8      | Found an iron altar of Okawaru.
  7020 | D:8      | 7020 ||| PLANNING OKAWARU WORSHIP
  7020 | D:8      | 7020 ||| UPGRADING to -2 cloak of the Gardener {rC- Str+6
                  | Dex+8 Stlth+}.
  7025 | D:8      | 7025 ||| UPGRADING to +0 plate armour.
  7035 | D:8      | 7035 ||| READING scroll labelled RONLES PASMAGE.
  7036 | D:8      | 7036 ||| READING scroll labelled BUCYBA BUOWERE.
  7048 | D:8      | Became a worshipper of Warmaster Okawaru
  7048 | D:8      | 7048 ||| PLANNING D:1-11
  7115 | D:8      | Found a glowing golden altar of the Shining One.
  7118 | D:8      | Found a white marble altar of Elyvilon.
  7119 | D:8      | Found a glowing silver altar of Zin.
  7188 | D:8      | 7188 ||| DROPPING ring of positive energy.
  7384 | D:9      | 7384 ||| Stepping ~*~*~tactically~*~*~ (stealth).
  7392 | D:9      | Reached skill level 6 in Armour
  7454 | D:9      | 7454 ||| Stepping ~*~*~tactically~*~*~ (cloud).
  7455 | D:9      | 7455 ||| Stepping ~*~*~tactically~*~*~ (cloud).
  7479 | D:9      | Reached * piety under Okawaru
  7505 | D:9      | Reached skill level 3 in Dodging
  7518 | D:9      | Reached skill level 1 in Invocations
  7689 | D:9      | 7689 ||| Stepping ~*~*~tactically~*~*~ (stealth).
  7698 | D:9      | 7698 ||| FLEEEEING.
  7699 | D:9      | 7699 ||| FLEEEEING.
  7700 | D:9      | 7700 ||| FLEEEEING.
  7701 | D:9      | 7701 ||| FLEEEEING.
  7702 | D:9      | 7702 ||| FLEEEEING.
  7703 | D:9      | 7703 ||| FLEEEEING.
  7704 | D:9      | 7704 ||| FLEEEEING.
  7705 | D:9      | 7705 ||| FLEEEEING.
  7706 | D:9      | 7706 ||| FLEEEEING.
  7707 | D:9      | 7707 ||| FLEEEEING.
  7708 | D:9      | 7708 ||| FLEEEEING.
  7709 | D:9      | 7709 ||| FLEEEEING.
  7710 | D:9      | 7710 ||| FLEEEEING.
  7711 | D:9      | 7711 ||| FLEEEEING.
  7712 | D:9      | 7712 ||| FLEEEEING.
  7713 | D:9      | 7713 ||| FLEEEEING.
  7714 | D:9      | 7714 ||| FLEEEEING.
  7761 | D:9      | Reached skill level 3 in Invocations
  7837 | D:9      | Found Fiqull's General Store.
  7840 | D:9      | Found a flagged portal.
  7845 | D:9      | 7845 ||| SHOPLISTING +0 plate armour of Patterns {rPois rF+
                  | Stlth+} (572 gold, have 291).
  7845 | D:9      | 7845 ||| SHOPLISTING amulet of reflection (390 gold, have
                  | 291).
  7845 | D:9      | 7845 ||| BUYING scroll of identify (26 gold).
  7845 | D:9      | Bought a scroll of identify for 26 gold pieces
  7851 | D:9      | 7851 ||| READING scroll of enchant weapon.
  7851 | D:9      | 7851 ||| ENCHANTING +3 spectral war axe.
  7854 | D:9      | Identified the +1 hand axe "Gysaras" {antimagic, Fragile
                  | +Blink rCorr}
  8122 | D:9      | 8122 ||| Stepping ~*~*~tactically~*~*~ (hiding).
  8125 | D:9      | 8125 ||| INVOKING Heroism.
  8128 | D:9      | 8128 ||| Stepping ~*~*~tactically~*~*~ (cloud).
  8130 | D:9      | 8130 ||| Stepping ~*~*~tactically~*~*~ (cloud).
  8144 | D:10     | Entered Level 10 of the Dungeon
  8146 | D:10     | Found a staircase to the Orcish Mines.
  8154 | D:10     | Reached ** piety under Okawaru
  8156 | D:10     | Reached XP level 11. HP: 56/69 MP: 12/14
  8159 | D:10     | 8159 ||| INVOKING Heroism.
  8251 | D:10     | 8251 ||| Stepping ~*~*~tactically~*~*~ (stealth).
  8254 | D:10     | 8254 ||| Stepping ~*~*~tactically~*~*~ (stealth).
  8313 | D:10     | Reached skill level 9 in Fighting
  8315 | D:10     | 8315 ||| DROPPING +0 flail.
  8329 | D:10     | 8329 ||| Stepping ~*~*~tactically~*~*~ (stealth).
  8334 | D:10     | 8334 ||| Stepping ~*~*~tactically~*~*~ (stealth).
  8352 | D:10     | 8352 ||| Stepping ~*~*~tactically~*~*~ (hiding).
  8413 | D:10     | Noticed a two-headed ogre
  8414 | D:10     | 8414 ||| INVOKING Heroism.
  8422 | D:10     | Killed a two-headed ogre
  8719 | D:10     | Found a sparkling altar of Nemelex Xobeh.
  8807 | D:10     | 8807 ||| UPGRADING to scarf of resistance.
  8832 | D:11     | Noticed a manticore
  8833 | D:11     | 8833 ||| Stepping ~*~*~tactically~*~*~ (hiding).
  8835 | D:11     | 8835 ||| INVOKING Heroism.
  8837 | D:11     | Killed a manticore
  8838 | D:11     | Reached skill level 12 in Axes
  8870 | D:11     | 8870 ||| Stepping ~*~*~tactically~*~*~ (hiding).
  8877 | D:11     | 8877 ||| Stepping ~*~*~tactically~*~*~ (hiding).
  8897 | D:11     | 8897 ||| Stepping ~*~*~tactically~*~*~ (stealth).
  8920 | D:11     | Found a staircase to the Lair.
  8925 | D:11     | 8925 ||| Stepping ~*~*~tactically~*~*~ (stealth).
  8930 | D:11     | Noticed a death yak
  8931 | D:11     | 8931 ||| INVOKING Heroism.
  8939 | D:11     | Killed a death yak
  8939 | D:11     | Reached *** piety under Okawaru
  8940 | D:11     | Reached skill level 6 in Shields
  8942 | D:11     | Noticed a two-headed ogre
  8942 | D:11     | Noticed a death yak
  8945 | D:11     | 8945 ||| INVOKING Heroism.
  8950 | D:11     | Killed a two-headed ogre
  8951 | D:11     | Noticed a death yak
  8954 | D:11     | Killed a death yak
  8957 | D:11     | Reached **** piety under Okawaru
  8962 | D:11     | Killed a death yak
  8962 | D:11     | Noticed a manticore
  8970 | D:11     | Killed a manticore
  8979 | D:11     | 8979 ||| FLEEEEING.
  8980 | D:11     | 8980 ||| FLEEEEING.
  8981 | D:11     | 8981 ||| FLEEEEING.
  8982 | D:11     | 8982 ||| FLEEEEING.
  8983 | D:11     | 8983 ||| FLEEEEING.
  8984 | D:11     | 8984 ||| FLEEEEING.
  8985 | D:11     | 8985 ||| FLEEEEING.
  8986 | D:11     | 8986 ||| FLEEEEING.
  8987 | D:11     | 8987 ||| FLEEEEING.
  8988 | D:11     | 8988 ||| FLEEEEING.
  8989 | D:11     | 8989 ||| FLEEEEING.
  8990 | D:11     | 8990 ||| FLEEEEING.
  8991 | D:11     | 8991 ||| FLEEEEING.
  8992 | D:11     | 8992 ||| FLEEEEING.
  8993 | D:11     | 8993 ||| FLEEEEING.
  8994 | D:11     | 8994 ||| FLEEEEING.
  8995 | D:11     | 8995 ||| FLEEEEING.
  8996 | D:11     | 8996 ||| FLEEEEING.
  8999 | D:11     | 8999 ||| FLEEEEING.
  9000 | D:11     | 9000 ||| FLEEEEING.
  9001 | D:11     | 9001 ||| STAIRDANCE
  9075 | D:11     | 9075 ||| Stepping ~*~*~tactically~*~*~ (stealth).
  9088 | D:11     | 9088 ||| Stepping ~*~*~tactically~*~*~ (stealth).
  9111 | D:11     | 9111 ||| Stepping ~*~*~tactically~*~*~ (hiding).
  9112 | D:11     | Noticed a two-headed ogre
  9113 | D:11     | 9113 ||| Stepping ~*~*~tactically~*~*~ (hiding).
  9117 | D:11     | 9117 ||| INVOKING Heroism.
  9121 | D:11     | Killed a two-headed ogre
  9122 | D:11     | Reached XP level 12. HP: 77/77 MP: 12/16
  9125 | D:11     | 9125 ||| READING scroll of enchant weapon.
  9125 | D:11     | 9125 ||| ENCHANTING +4 spectral war axe.
  9273 | D:11     | Reached skill level 1 in Throwing
  9299 | D:11     | Noticed a two-headed ogre
  9303 | D:11     | Killed a two-headed ogre
  9304 | D:11     | Reached skill level 6 in Invocations
  9587 | D:11     | 9587 ||| PLANNING LAIR
  9587 | D:11     | 9587 ||| UPGRADING to +0 kite shield.
  9597 | D:11     | 9597 ||| DROPPING +0 buckler.
  9598 | D:11     | 9598 ||| READING scroll labelled OHOCSANLEE.
  9627 | Lair:1   | Entered Level 1 of the Lair of Beasts
  9629 | Lair:1   | 9629 ||| Stepping ~*~*~tactically~*~*~ (stealth).
  9631 | Lair:1   | 9631 ||| Stepping ~*~*~tactically~*~*~ (stealth).
  9633 | Lair:1   | 9633 ||| INVOKING Heroism.
  9673 | Lair:1   | 9673 ||| INVOKING Heroism.
  9747 | Lair:1   | 9747 ||| INVOKING Heroism.
  9788 | Lair:1   | 9788 ||| INVOKING Heroism.
  9891 | Lair:1   | 9891 ||| INVOKING Heroism.
  9959 | Lair:1   | 9959 ||| Stepping ~*~*~tactically~*~*~ (stealth).
 10475 | Lair:1   | 10475 ||| UPGRADING to +0 pair of boots.
 10480 | Lair:1   | 10480 ||| UPGRADING to +0 pair of gloves.
 10485 | Lair:1   | 10485 ||| READING 6 scrolls of identify.
 10485 | Lair:1   | 10485 ||| IDENTIFYING silvery potion
 10486 | Lair:1   | 10486 ||| DROPPING potion of degeneration.
 10546 | Lair:2   | Found a staircase to the Shoals.
 10547 | Lair:2   | 10547 ||| INVOKING Heroism.
 10670 | Lair:2   | Noticed a catoblepas
 10671 | Lair:2   | 10671 ||| Stepping ~*~*~tactically~*~*~ (hiding).
 10673 | Lair:2   | 10673 ||| Stepping ~*~*~tactically~*~*~ (hiding).
 10675 | Lair:2   | 10675 ||| Stepping ~*~*~tactically~*~*~ (hiding).
 10676 | Lair:2   | 10676 ||| INVOKING Heroism.
 10685 | Lair:2   | Killed a catoblepas
 10789 | Lair:2   | Found a staircase to the Snake Pit.
 10790 | Lair:2   | 10790 ||| Stepping ~*~*~tactically~*~*~ (hiding).
 10844 | Lair:2   | 10844 ||| INVOKING Heroism.
 10864 | Lair:2   | 10864 ||| Stepping ~*~*~tactically~*~*~ (stealth).
 10866 | Lair:2   | 10866 ||| Stepping ~*~*~tactically~*~*~ (stealth).
 10870 | Lair:2   | 10870 ||| Stepping ~*~*~tactically~*~*~ (stealth).
 10952 | Lair:2   | 10952 ||| INVOKING Heroism.
 11026 | Lair:2   | 11026 ||| INVOKING Heroism.
 11035 | Lair:2   | Reached skill level 9 in Shields
 11052 | Lair:2   | Reached skill level 9 in Invocations
 11230 | Lair:2   | 11230 ||| UPGRADING to +0 helmet.
 11235 | Lair:2   | 11235 ||| DROPPING amulet of guardian spirit.
 11236 | Lair:2   | 11236 ||| DRINKING 2 murky purple potions.
 11411 | Lair:3   | Reached skill level 3 in Throwing
 11525 | Lair:3   | 11525 ||| Stepping ~*~*~tactically~*~*~ (stealth).
 11533 | Lair:3   | Reached ***** piety under Okawaru
 11561 | Lair:3   | Reached XP level 13. HP: 82/82 MP: 20/20
 11618 | Lair:3   | 11618 ||| Stepping ~*~*~tactically~*~*~ (stealth).
 11620 | Lair:3   | 11620 ||| Stepping ~*~*~tactically~*~*~ (hiding).
 11722 | Lair:3   | 11722 ||| Stepping ~*~*~tactically~*~*~ (stealth).
 11723 | Lair:3   | 11723 ||| Stepping ~*~*~tactically~*~*~ (stealth).
 11754 | Lair:3   | 11754 ||| READING scroll of enchant armour.
 11754 | Lair:3   | 11754 ||| ENCHANTING +0 pair of gloves.
 12186 | Lair:3   | 12186 ||| READING scroll labelled HIR ABANAUFRA.
 12187 | Lair:3   | 12187 ||| DROPPING scroll of silence.
 12215 | Lair:4   | 12215 ||| INVOKING Heroism.
 12313 | Lair:4   | Received a gift from Okawaru
 12338 | Lair:4   | 12338 ||| INVOKING Heroism.
 12346 | Lair:4   | Reached skill level 9 in Armour
 12374 | Lair:4   | 12374 ||| INVOKING Finesse.
 12376 | Lair:4   | 12376 ||| INVOKING Heroism.
 12380 | Lair:4   | 12380 ||| SWAPPING to +3 morningstar of freezing.
 12395 | Lair:4   | 12395 ||| SWAPPING to +5 spectral war axe.
 12456 | Lair:4   | 12456 ||| INVOKING Heroism.
 12525 | Lair:4   | 12525 ||| INVOKING Heroism.
 12543 | Lair:4   | 12543 ||| SWAPPING to +3 morningstar of freezing.
 12547 | Lair:4   | 12547 ||| SWAPPING to +5 spectral war axe.
 12651 | Lair:4   | 12651 ||| INVOKING Heroism.
 12699 | Lair:4   | Identified the +3 leather armour of the Soft God {rPois rF+
                  | Int+3}
 13227 | Lair:4   | Found a staircase to the Slime Pits.
 13303 | Lair:4   | 13303 ||| DROPPING amulet of magic regeneration.
 13304 | Lair:4   | 13304 ||| READING 11 scrolls of identify.
 13304 | Lair:4   | 13304 ||| IDENTIFYING lumpy purple potion
 13327 | Lair:5   | Entered Level 5 of the Lair of Beasts
 13337 | Lair:5   | 13337 ||| Stepping ~*~*~tactically~*~*~ (stealth).
 13339 | Lair:5   | 13339 ||| Stepping ~*~*~tactically~*~*~ (stealth).
 13357 | Lair:5   | Reached skill level 13 in Axes
 13357 | Lair:5   | 13357 ||| INVOKING Heroism.
 13359 | Lair:5   | 13359 ||| INVOKING Finesse.
 13370 | Lair:5   | 13370 ||| SWAPPING to +3 morningstar of freezing.
 13380 | Lair:5   | 13380 ||| SWAPPING to +5 spectral war axe.
 13462 | Lair:5   | 13462 ||| FLEEEEING.
 13520 | Lair:5   | Found a large runed translucent door.
 13522 | Lair:5   | Found a large runed translucent door.
 13524 | Lair:5   | 13524 ||| Stepping ~*~*~tactically~*~*~ (stealth).
 13525 | Lair:5   | 13525 ||| Stepping ~*~*~tactically~*~*~ (stealth).
 13542 | Lair:5   | 13542 ||| INVOKING Heroism.
 13543 | Lair:5   | 13543 ||| INVOKING Finesse.
 13556 | Lair:5   | 13556 ||| SWAPPING to +3 morningstar of freezing.
 13560 | Lair:5   | 13560 ||| SWAPPING to +5 spectral war axe.
 13648 | Lair:5   | 13648 ||| INVOKING Heroism.
 13649 | Lair:5   | 13649 ||| INVOKING Finesse.
 13652 | Lair:5   | 13652 ||| SWAPPING to +3 morningstar of freezing.
 13657 | Lair:5   | Received a gift from Okawaru
 13658 | Lair:5   | 13658 ||| SWAPPING to +5 spectral war axe.
 13696 | Lair:5   | 13696 ||| Stepping ~*~*~tactically~*~*~ (stealth).
 13697 | Lair:5   | 13697 ||| Stepping ~*~*~tactically~*~*~ (stealth).
 13722 | Lair:5   | 13722 ||| Stepping ~*~*~tactically~*~*~ (stealth).
 13731 | Lair:5   | 13731 ||| INVOKING Heroism.
 13734 | Lair:5   | Gained mutation: Your large and strong wings let you fly.
                  | [Gargoyle growth]
 13734 | Lair:5   | Reached XP level 14. HP: 53/88 MP: 18/21
 13802 | Lair:5   | 13802 ||| Stepping ~*~*~tactically~*~*~ (stealth).
 13888 | Lair:5   | 13888 ||| Stepping ~*~*~tactically~*~*~ (stealth).
 13911 | Lair:5   | 13911 ||| Stepping ~*~*~tactically~*~*~ (stealth).
 13912 | Lair:5   | 13912 ||| INVOKING Heroism.
 13920 | Lair:5   | Reached skill level 14 in Axes
 14052 | Lair:5   | Received a gift from Okawaru
 14088 | Lair:5   | 14088 ||| INVOKING Heroism.
 14189 | Lair:5   | 14189 ||| Stepping ~*~*~tactically~*~*~ (stealth).
 14193 | Lair:5   | 14193 ||| Stepping ~*~*~tactically~*~*~ (stealth).
 14195 | Lair:5   | 14195 ||| Stepping ~*~*~tactically~*~*~ (stealth).
 14223 | Lair:5   | Received a gift from Okawaru
 14270 | Lair:5   | 14270 ||| Stepping ~*~*~tactically~*~*~ (stealth).
 14280 | Lair:5   | Reached skill level 12 in Shields
 14328 | Lair:5   | Identified the scarf of Inaction {repulsion, rN+ Will-
                  | Regen+} (Okawaru gifted it to you on level 5 of the Lair of
                  | Beasts)
 14328 | Lair:5   | Received a gift from Okawaru
 14459 | Lair:5   | 14459 ||| INVOKING Heroism.
 14522 | Lair:5   | 14522 ||| Stepping ~*~*~tactically~*~*~ (stealth).
 14566 | Lair:5   | 14566 ||| Stepping ~*~*~tactically~*~*~ (stealth).
 14567 | Lair:5   | 14567 ||| Stepping ~*~*~tactically~*~*~ (stealth).
 14568 | Lair:5   | 14568 ||| Stepping ~*~*~tactically~*~*~ (stealth).
 14672 | Lair:5   | 14672 ||| Stepping ~*~*~tactically~*~*~ (hiding).
 14673 | Lair:5   | 14673 ||| INVOKING Heroism.
 14674 | Lair:5   | 14674 ||| INVOKING Finesse.
 14676 | Lair:5   | 14676 ||| SWAPPING to +3 morningstar of freezing.
 14680 | Lair:5   | 14680 ||| SWAPPING to +5 spectral war axe.
 14687 | Lair:5   | Reached skill level 15 in Axes
 14755 | Lair:5   | 14755 ||| Stepping ~*~*~tactically~*~*~ (stealth).
 14851 | Lair:5   | 14851 ||| Stepping ~*~*~tactically~*~*~ (stealth).
 14854 | Lair:5   | 14854 ||| INVOKING Heroism.
 14855 | Lair:5   | 14855 ||| INVOKING Finesse.
 14865 | Lair:5   | Noticed a dire elephant
 14877 | Lair:5   | Killed a dire elephant
 15022 | Lair:5   | 15022 ||| Stepping ~*~*~tactically~*~*~ (stealth).
 15420 | Lair:5   | Noticed qw's ghost (journeyman GrFi)
 15425 | Lair:5   | 15425 ||| PLANNING D
 15425 | Lair:5   | 15425 ||| UPGRADING to scarf of Inaction {repulsion, rN+
                  | Will- Regen+}.
 15435 | Lair:5   | 15435 ||| DROPPING +0 cloak.
 15555 | D:12     | 15555 ||| PLANNING GAUNTLET
 15560 | D:12     | 15560 ||| FLEEEEING.
 15675 | D:12     | 15675 ||| Stepping ~*~*~tactically~*~*~ (hiding).
 15676 | D:12     | 15676 ||| Stepping ~*~*~tactically~*~*~ (hiding).
 15677 | D:12     | 15677 ||| Stepping ~*~*~tactically~*~*~ (hiding).
 15734 | D:12     | 15734 ||| Stepping ~*~*~tactically~*~*~ (hiding).
 15735 | D:12     | 15735 ||| INVOKING Heroism.
 15736 | D:12     | 15736 ||| INVOKING Finesse.
 15740 | D:12     | Reached XP level 15. HP: 95/95 MP: 14/22
 15753 | D:12     | 15753 ||| Stepping ~*~*~tactically~*~*~ (stealth).
 15775 | D:12     | 15775 ||| Stepping ~*~*~tactically~*~*~ (stealth).
 15864 | D:12     | Identified the +0 pair of boots of the Villain {Str+3}
                  | (Okawaru gifted it to you on level 12 of the Dungeon)
 15864 | D:12     | Received a gift from Okawaru
 15875 | D:12     | Found a gate leading to a gauntlet.
 15876 | D:12     | 15876 ||| UPGRADING to +0 pair of boots of the Villain
                  | {Str+3}.
 15879 | D:12     | 15879 ||| Stepping ~*~*~tactically~*~*~ (stealth).
 15880 | D:12     | 15880 ||| Stepping ~*~*~tactically~*~*~ (stealth).
 15881 | D:12     | 15881 ||| UPGRADING to +0 pair of boots of the Villain
                  | {Str+3}.
 15891 | D:12     | 15891 ||| DROPPING +0 pair of boots.
 15909 | Gauntlet | Entered a Gauntlet
 15909 | Gauntlet | Found a transporter.
 15916 | Gauntlet | Found a transporter.
 15921 | Gauntlet | Found a transporter.
 15925 | Gauntlet | Found a runed translucent door.
 15927 | Gauntlet | Found a runed translucent door.
 15929 | Gauntlet | Found a transporter.
 15933 | Gauntlet | Found a transporter.
 15944 | Gauntlet | Found a transporter.
 15945 | Gauntlet | Found a transporter.
 15954 | Gauntlet | Found a transporter.
 15958 | Gauntlet | Found a transporter.
 15962 | Gauntlet | Found a runed translucent door.
 15963 | Gauntlet | Found a runed translucent door.
 15966 | Gauntlet | Found a transporter.
 15997 | Gauntlet | Found a transporter.
 16009 | Gauntlet | Found a transporter.
 16013 | Gauntlet | Found a runed translucent door.
 16022 | Gauntlet | Found a transporter.
 16035 | Gauntlet | Found a transporter.
 16069 | Gauntlet | Gained mutation: Armour fits poorly on your strangely
                  | shaped body. [a neqoxec]
 16071 | Gauntlet | Gained mutation: You are frail. (-10% HP) [a neqoxec]
 16080 | Gauntlet | 16080 ||| DRINKING 3 potions of mutation.
 16080 | Gauntlet | Lost mutation: You are frail. (-10% HP) [potion of
                  | mutation]
 16080 | Gauntlet | Lost mutation: Armour fits poorly on your strangely shaped
                  | body. [potion of mutation]
 16080 | Gauntlet | Gained mutation: You occasionally lose the ability to read
                  | scrolls when taking damage. [potion of mutation]
 16080 | Gauntlet | Gained mutation: You expend magic power (3 MP) to
                  | strengthen your wands. [potion of mutation]
 16080 | Gauntlet | Gained mutation: You sometimes lose the ability to read
                  | scrolls when taking damage. [potion of mutation]
 16080 | Gauntlet | Gained mutation: You are partially covered in iridescent
                  | scales. (AC +2) [potion of mutation]
 16089 | Gauntlet | 16089 ||| DRINKING 2 potions of mutation.
 16089 | Gauntlet | Lost mutation: You sometimes lose the ability to read
                  | scrolls when taking damage. [potion of mutation]
 16089 | Gauntlet | Lost mutation: You expend magic power (3 MP) to strengthen
                  | your wands. [potion of mutation]
 16089 | Gauntlet | Lost mutation: You occasionally lose the ability to read
                  | scrolls when taking damage. [potion of mutation]
 16089 | Gauntlet | Gained mutation: You sometimes lose your temper in combat.
                  | [potion of mutation]
 16089 | Gauntlet | Lost mutation: You sometimes lose your temper in combat.
                  | [potion of mutation]
 16089 | Gauntlet | Gained mutation: You are frail. (-10% HP) [potion of
                  | mutation]
 16089 | Gauntlet | Gained mutation: You are agile. (Dex +4, Str/Int -1)
                  | [potion of mutation]
 16090 | Gauntlet | 16090 ||| DRINKING potion of mutation.
 16090 | Gauntlet | Lost mutation: You are agile. (Dex +4, Str/Int -1) [potion
                  | of mutation]
 16090 | Gauntlet | Lost mutation: You are partially covered in iridescent
                  | scales. (AC +2) [potion of mutation]
 16090 | Gauntlet | Gained mutation: Your body sometimes deteriorates upon
                  | taking damage. [potion of mutation]
 16149 | Gauntlet | 16149 ||| INVOKING Heroism.
 16163 | Gauntlet | Reached skill level 12 in Fighting
 16163 | Gauntlet | 16163 ||| SWAPPING to +3 morningstar of freezing.
 16172 | Gauntlet | 16172 ||| SWAPPING to +5 spectral war axe.
 16241 | Gauntlet | 16241 ||| UPGRADING to +0 crystal plate armour.
 16251 | Gauntlet | 16251 ||| DROPPING +0 chain mail of fire resistance.
 16252 | Gauntlet | 16252 ||| DROPPING +0 plate armour.
 16311 | Gauntlet | 16311 ||| Stepping ~*~*~tactically~*~*~ (stealth).
 16313 | Gauntlet | 16313 ||| Stepping ~*~*~tactically~*~*~ (stealth).
 16315 | Gauntlet | 16315 ||| Stepping ~*~*~tactically~*~*~ (stealth).
 16317 | Gauntlet | 16317 ||| Stepping ~*~*~tactically~*~*~ (stealth).
 16319 | Gauntlet | 16319 ||| Stepping ~*~*~tactically~*~*~ (stealth).
 16322 | Gauntlet | 16322 ||| Stepping ~*~*~tactically~*~*~ (hiding).
 16323 | Gauntlet | 16323 ||| INVOKING Heroism.
 16363 | D:12     | 16363 ||| PLANNING D
 16384 | D:12     | 16384 ||| INVOKING Heroism.
 16596 | D:12     | 16596 ||| DROPPING +4 ring of slaying {mikee}.
 16871 | D:13     | 16871 ||| Stepping ~*~*~tactically~*~*~ (hiding).
 16908 | D:13     | Reached skill level 12 in Armour
 17070 | D:13     | 17070 ||| Stepping ~*~*~tactically~*~*~ (hiding).
 17191 | D:13     | 17191 ||| Stepping ~*~*~tactically~*~*~ (hiding).
 17485 | D:13     | 17485 ||| Stepping ~*~*~tactically~*~*~ (stealth).
 17487 | D:13     | 17487 ||| Stepping ~*~*~tactically~*~*~ (hiding).
 17584 | D:13     | 17584 ||| INVOKING Heroism.
 17663 | D:13     | Found a runed translucent door.
 17679 | D:13     | 17679 ||| READING scroll of enchant armour.
 17679 | D:13     | 17679 ||| ENCHANTING +0 crystal plate armour.
 18157 | D:14     | 18157 ||| Stepping ~*~*~tactically~*~*~ (hiding).
 18390 | D:14     | 18390 ||| INVOKING Heroism.
 18505 | D:14     | 18505 ||| INVOKING Heroism.
 18520 | D:14     | Received a gift from Okawaru
 18532 | D:14     | 18532 ||| INVOKING Finesse.
 18536 | D:14     | Reached skill level 6 in Throwing
 18554 | D:14     | 18554 ||| Stepping ~*~*~tactically~*~*~ (stealth).
 18619 | D:14     | Found a gate to the Vaults.
 18702 | D:14     | 18702 ||| INVOKING Heroism.
 18749 | D:14     | 18749 ||| INVOKING Heroism.
 18846 | D:14     | Identified the +0 robe "Kaquoj" {Stlth+}
 19202 | D:14     | Reached XP level 16. HP: 86/90 MP: 23/23
 19294 | D:14     | 19294 ||| READING 15 scrolls of identify.
 19294 | D:14     | 19294 ||| IDENTIFYING clear potion
 19338 | D:15     | Entered Level 15 of the Dungeon
 19342 | D:15     | 19342 ||| INVOKING Heroism.
 19347 | D:15     | Identified the +5 tower shield "Oturgher" {*Slow rElec
                  | Will++ Stlth+} (Okawaru gifted it to you on level 15 of the
                  | Dungeon)
 19347 | D:15     | Received a gift from Okawaru
 19349 | D:15     | Reached skill level 16 in Axes
 19371 | D:15     | 19371 ||| Stepping ~*~*~tactically~*~*~ (hiding).
 19372 | D:15     | 19372 ||| Stepping ~*~*~tactically~*~*~ (hiding).
 19380 | D:15     | 19380 ||| Stepping ~*~*~tactically~*~*~ (hiding).
 19381 | D:15     | 19381 ||| Stepping ~*~*~tactically~*~*~ (hiding).
 19477 | D:15     | 19477 ||| Stepping ~*~*~tactically~*~*~ (hiding).
 19487 | D:15     | 19487 ||| INVOKING Heroism.
 19585 | D:15     | 19585 ||| INVOKING Heroism.
 19586 | D:15     | 19586 ||| INVOKING Finesse.
 19588 | D:15     | 19588 ||| SWAPPING to +3 morningstar of freezing.
 19593 | D:15     | 19593 ||| SWAPPING to +5 spectral war axe.
 19644 | D:15     | 19644 ||| READING scroll of enchant weapon.
 19644 | D:15     | 19644 ||| ENCHANTING +5 spectral war axe.
 19671 | D:15     | 19671 ||| Stepping ~*~*~tactically~*~*~ (hiding).
 19744 | D:15     | 19744 ||| INVOKING Heroism.
 19746 | D:15     | 19746 ||| Stepping ~*~*~tactically~*~*~ (stealth).
 19761 | D:15     | 19761 ||| Stepping ~*~*~tactically~*~*~ (stealth).
 19801 | D:15     | Identified the amulet of the Dolphin {Spirit rF+ rC++ Will-
                  | Int+2}
 19927 | D:15     | 19927 ||| INVOKING Heroism.
 19990 | D:15     | 19990 ||| Stepping ~*~*~tactically~*~*~ (hiding).
 19994 | D:15     | 19994 ||| INVOKING Heroism.
 20017 | D:15     | HP: 20/90 [ice dragon (4)]
 20018 | D:15     | 20018 ||| READING 15 scrolls of teleportation.
 20018 | D:15     | Killed from afar by an ice dragon

Levels and vault maps discovered:
D:1:      tarquinn_simple_flora_water_c, layout_rooms, serial_shops,
          nicolae_shop_window_shopping, minmay_ruptured
D:2:      layout_rooms, grunt_decor_arrowhead, amcnicky_mini_corridor_feature,
          uniq_terence
D:3:      layout_rooms, minmay_misc_feat_iff
D:4:      layout_rooms, fedhas_altar_1
D:5:      cheibrodos_two_vegetables, layout_rooms,
          lemuel_zombie_altar_yredelemnul, serial_shops, kennysheep_mini,
          nicolae_specific_store, uniq_eustachio
D:6:      layout_rooms, gammafunk_ghost_necromancy
D:7:      layout_layer_cave, lemuel_crystal_altar, minmay_temple_entry_waves
D:8:      layout_rooms, good_gods_temple_1, okawaru_humans, minmay_bent
D:9:      layout_basic, serial_shops, shop, enter_bailey_2
D:10:     layout_cave_pools, lemuel_tele_altar
D:11:     layout_loops_cross, dpeg_lair_monsters, serial_glass, glass_columns_a,
          glass_columns_b
D:12:     layout_rooms, gauntlet_entry_generic
D:13:     mludivico_vault, layout_loops_ring, water_maze_lemuel
D:14:     gargoyle_guard, layout_long_grid,
          hangedman_vaults_entry_quadrant_bands, minmay_staircase_statues,
          kennysheep_another_room
D:15:     grunt_enter_depths_hoard, layout_rooms, dk_noncrumbling_4
Temple:   minmay_temple_curvy_branch
Lair:1:   layout_loops_ring, nicolae_quartered_pool_little,
          chequers_serial_rivers_large_a
Lair:2:   layout_roguey, minmay_shoals_entry_beasts,
          nicolae_snake_entry_warm_welcome
Lair:3:   beast_lair_carwin_large_4, layout_loops_ring
Lair:4:   layout_hall_layers, dpeg_slime_entry_corner
Lair:5:   hangedman_lair_in_review, layout_long_grid,
          hangedman_lair_tendril_chambers, ebering_ghost_disaster_area,
          lemuel_fruit_tree, serial_bayou_shore_b, serial_bayou_shore_a

Skill      XL: |  1  2  3  4  5  6  7  8  9 10 11 12 13 14 15 16 |
---------------+-------------------------------------------------+-----
Axes           | 2 3 4 5 7 9 10 11 12 13 15 16 | 16.0
Dodging        | 1 3 |  3.0
Fighting       | 4 5 6 8 10 11 12 | 12.0
Shields        | 5 6 9 11 12 13 | 13.0
Armour         | 4 7 8 10 11 14 | 14.6
Invocations    | 4 5 9 10 | 10.0
Throwing       | 3 4 5 6 |  6.0

Action                     |  1- 3 |  4- 6 |  7- 9 | 10-12 | 13-15 | 16-18 || total
---------------------------+-------+-------+-------+-------+-------+-------++-------
  Melee: War axe           |    74 |   100 |   173 |   328 |   757 |    97 ||  1529
         Morningstar       |       |       |       |       |    45 |     4 ||    49
  Throw: Javelin           |       |       |       |    27 |   144 |     9 ||   180
         Boomerang         |       |       |       |    22 |    43 |     6 ||    71
 Invoke: Heroism           |       |       |       |    17 |    24 |     6 ||    47
         Finesse           |       |       |       |       |     8 |     1 ||     9
    Use: Scroll            |     2 |    13 |     9 |     6 |     4 |     3 ||    37
         Potion            |       |     2 |     1 |     1 |     3 |       ||     7
   Stab: Distracted        |       |     1 |     1 |     4 |     9 |     3 ||    18
 Armour: Scale mail        |    39 |       |       |       |       |       ||    39
         Chain mail        |     1 |    53 |    38 |     2 |       |       ||    94
         Plate armour      |       |       |       |    62 |   132 |       ||   194
         Crystal plate arm |       |       |       |       |   103 |    33 ||   136
  Dodge: Dodged            |    33 |    32 |   112 |   156 |   362 |    53 ||   748
         Repelled          |       |       |       |       |     7 |     1 ||     8
  Block: Buckler           |    19 |    16 |    20 |    40 |       |       ||    95
         Kite shield       |       |       |       |    33 |   343 |    33 ||   409

Table legend:
 A = Non-vault XP
 B = Vault XP
 C = Vault XP percentage of total XP
 D = Non-vault monster count
 E = Vault monster count
 F = Vault count percentage of total count
                 A         B        C        D         E       F
            +---------+---------+-------+---------+---------+-------
      Total |   94643 |   52299 |  35.6 |     446 |     174 |  28.1
            +---------+---------+-------+---------+---------+-------
        D:1 |      31 |       6 |  16.2 |      19 |       4 |  17.4
        D:2 |      32 |      36 |  52.9 |      16 |       1 |   5.9
        D:3 |     112 |       0 |   0.0 |      16 |       0 |   0.0
        D:4 |     407 |       0 |   0.0 |      26 |       0 |   0.0
        D:5 |     369 |     868 |  70.2 |       9 |      12 |  57.1
        D:6 |     857 |       0 |   0.0 |      10 |       0 |   0.0
        D:7 |    1088 |       0 |   0.0 |      26 |       0 |   0.0
        D:8 |    1510 |    1086 |  41.8 |      15 |      10 |  40.0
        D:9 |    2365 |       0 |   0.0 |      19 |       0 |   0.0
       D:10 |    2588 |       0 |   0.0 |      24 |       0 |   0.0
       D:11 |    6065 |    2515 |  29.3 |      35 |      11 |  23.9
       D:12 |    5237 |       0 |   0.0 |      18 |       0 |   0.0
       D:13 |    6535 |    3520 |  35.0 |      25 |      10 |  28.6
       D:14 |   10387 |    9757 |  48.4 |      18 |      25 |  58.1
       D:15 |   16318 |     869 |   5.1 |      32 |       1 |   3.0
     Lair:1 |    4463 |       0 |   0.0 |      16 |       0 |   0.0
     Lair:2 |    3332 |    1509 |  31.2 |      11 |       7 |  38.9
     Lair:3 |    3162 |    1745 |  35.6 |      10 |      15 |  60.0
     Lair:4 |    7499 |       0 |   0.0 |      25 |       0 |   0.0
     Lair:5 |   22286 |   20616 |  48.1 |      76 |      58 |  43.3
   Gauntlet |       0 |    9772 | 100.0 |       0 |      20 | 100.0
            +---------+---------+-------+---------+---------+-------
